 Dungeon Crawl Stone Soup version 0.19-a0-3-g95c6029 (webtiles) character file.

58 Minkie the Ruffian (level 3, -3/54 HPs)
             Began as a Troll Berserker on Apr 28, 2016.
             Was a Believer of Trog.
             Slain by a hobgoblin
             ... wielding a +0 club
             ... led by Robin
              (7 damage)
             ... on level 3 of the Dungeon.
             The game lasted 00:04:31 (1837 turns).

Minkie the Ruffian (Troll Berserker)                Turns: 1837, Time: 00:04:31

Health: -3/54      AC:  5    Str: 30    XL:     3   Next: 76%
Magic:  2/2        EV: 10    Int:  4    God:    Trog [**....]
Gold:   90         SH:  0    Dex:  9    Spells: 0 memorised, 2 levels left

rFire  . . .     SeeInvis .       - Unarmed
rCold  . . .     Gourm    +     a - +0 animal skin
rNeg   . . .     Faith    .     (no shield)
rPois  .         Spirit   .     (helmet restricted)
rElec  .         Dismiss  .     (no cloak)
rCorr  .         Reflect  .     (gloves unavailable)
SustAt .         Harm     .     (boots unavailable)
MR     .....     Rnd*Tele +     (no amulet)
Stlth  ..........               p - ring of teleportation (curse)
                                (no ring)

@: berserking, very quick, not resistant to hostile enchantments, extremely
unstealthy
A: unfitting armour, claws 3, fast metabolism 3, gourmand, regeneration 2,
shaggy fur 1, tough skin 2
a: Berserk, Trog's Hand, Burn Spellbooks, Renounce Religion


You were on level 3 of the Dungeon.
You worshipped Trog.
Trog was pleased with you.
You were not hungry.

You visited 1 branch of the dungeon, and saw 3 of its levels.

You collected 90 gold pieces.

Inventory:

Armour
 a - a +0 animal skin (worn)
 o - a +0 shield
Jewellery
 l - an uncursed ring of ice
 p - a cursed ring of teleportation (right claw)
 w - an uncursed ring of wizardry {unknown}
Wands
 x - a wand of digging (1/24)
Scrolls
 c - a scroll of immolation {unknown}
 d - 3 scrolls of blinking {unknown}
 f - 2 scrolls of fog {unknown}
 m - a scroll of amnesia {unknown}
 r - a scroll of magic mapping {unknown}
 t - a scroll of teleportation {unknown}
 u - a scroll of identify {unknown}
Potions
 e - a potion of flight {unknown}
 g - a potion of heal wounds {unknown}
 h - a potion of brilliance {unknown}
 i - a potion of curing {unknown}
 n - a potion of might {unknown}
 s - a potion of invisibility {unknown}
 v - a potion of agility {unknown}
Comestibles
 b - 3 bread rations
 j - a beef jerky
 k - 5 fruits
 q - a royal jelly


   Skills:
 + Level 2.9 Fighting
 + Level 0.3 Throwing
 - Level 2.4 Dodging
 + Level 0.7 Shields
 * Level 4.0 Unarmed Combat


You had 2 spell levels left.
You didn't know any spells.

Dungeon Overview and Level Annotations

Branches:
Dungeon (3/15)

Altars:
Dithmenos
Gozag
Pakellas
Qazlal
Vehumet
Xom

Annotations:
D:3 Robin


Innate Abilities, Weirdness & Mutations

You are too large for most types of armour.
You have claws for hands.
Your metabolism is lightning-fast.
You like to eat raw meat.
You heal very quickly.
You are covered in fur (AC +1).
You have very tough skin (AC +2).


Message History

You are too injured to fight recklessly!
You are too injured to fight recklessly!
You are too injured to fight recklessly!
You are too injured to fight recklessly!
You claw the goblin!
You kill the goblin!
Trog accepts your kill. The goblin barely misses you.
The goblin hits you with a dagger.
* * * LOW HITPOINT WARNING * * *
The goblin barely misses you. Robin completely misses you.
The hobgoblin completely misses you. The goblin completely misses you.
You mangle the goblin!!
You kill the goblin!
Trog accepts your kill.
The hobgoblin hits you but does no damage.
The goblin closely misses you. The goblin hits you but does no damage.
Robin hits you with a short sword.
* * * LOW HITPOINT WARNING * * *
You miss the goblin. The hobgoblin hits you with a club!
You die...

## . .# ##.
..#######.#....
.............#
......g)g....#
......g@gl..>+
##.._.ggg....#
#.............
#....8.._....)
#.....$.....$.
#.._..........
##..._...###..
##....### ##


You could see Robin, 2 hobgoblins, 4 goblins and a giant newt.

Vanquished Creatures
  2 adders (D:2)
  An ooze (D:1)
  A worm (D:2)
  A dart slug (D:1)
  3 ball pythons (D:1)
  4 bats
  7 goblins
  4 hobgoblins
  A quokka (D:2)
  2 giant newts
  2 kobolds
  2 rats
30 creatures vanquished.

Notes
Turn   | Place    | Note
--------------------------------------------------------------
     0 | D:1      | Minkie the Troll Berserker began the quest for the Orb.
     0 | D:1      | Reached XP level 1. HP: 22/22 MP: 0/0
   144 | D:1      | Reached XP level 2. HP: 29/29 MP: 1/1
  1233 | D:2      | Reached XP level 3. HP: 36/36 MP: 2/2
  1339 | D:2      | Reached skill level 4 in Unarmed Combat
  1578 | D:2      | Reached ** piety under Trog
  1721 | D:2      | Found an oddly glowing altar of Pakellas.
  1821 | D:3      | Found a stormy altar of Qazlal.
  1821 | D:3      | Found an opulent altar of Gozag.
  1821 | D:3      | Found a radiant altar of Vehumet.
  1821 | D:3      | Found a shimmering altar of Xom.
  1821 | D:3      | Found a shadowy altar of Dithmenos.
  1822 | D:3      | Noticed Robin
  1837 | D:3      | Slain by a hobgoblin

Vault maps used:
D:1:      lemuel_arrival_muddy, nrook_loot_triangle, minmay_statues_item
D:2:      johnstein_pakellas_dig, first_bread
D:3:      makhleb_grotto_becter, grunt_temple_overflow_open, serial_curves,
          eino_curves_04, eino_curves_01, uniq_robin

Skill      XL: |  1  2  3 |
---------------+----------+-----
Unarmed Combat | 4 |  4.0
Fighting       | |  2.9
Throwing       | |  0.3
Dodging        | |  2.4
Shields        | |  0.7

Action                   || total
-------------------------++-------
Melee: Unarmed           ||    77
Invok: Berserk           ||     1
 Stab: Sleeping          ||     2
  Eat: Chunk             ||    18
Armor: Animal skin       ||    44
Dodge: Dodged            ||    58
